Map: Dusk Towers

Players

ANMiller - Winner!

  • Race: Protoss Protoss

WildCatBrown

  • Race: Protoss Protoss
  • League: Bronze

VOD

Have the link to the VOD?

Description

Time

  • Played on: Jan. 7, 2016, 11:42 a.m.
  • Length: 9:24
Show
View Real Time Build Order
Export as new Build Order

ANMiller Protoss - Winner!

Build Orders: Blink Stalkers 

Get SALT Encoding   

  12  0:01  Probe (Chrono Boost)  
  13  0:11  Probe (Chrono Boost)  
  14  0:19  Pylon  
  14  0:22  Probe (Chrono Boost)  
  15  0:37  Probe (Chrono Boost)  
  15  0:42  Gateway  
  16  0:48  Probe (Chrono Boost)  
  17  0:56  Assimilator  
  17  0:58  Probe (Chrono Boost), Assimilator  
  18  1:09  Probe (Chrono Boost)  
  19  1:19  Probe (Chrono Boost)  
  19  1:23  Pylon  
  20  1:30  Probe (Chrono Boost)  
  20  1:31  Cybernetics Core  
  21  1:40  Probe (Chrono Boost)  
  22  1:51  Probe (Chrono Boost)  
  23  2:01  Probe (Chrono Boost)  
  23  2:06  Nexus  
  24  2:11  Warp Gate (Chrono Boost)  
  24  2:16  Adept  
  26  2:27  Probe  
  27  2:34  Pylon  
  27  2:39  Probe  
  27  2:43  Adept  
  30  2:51  Probe (Chrono Boost)  
  30  2:57  Twilight Council  
  31  3:03  Probe (Chrono Boost)  
  32  3:14  Probe (Chrono Boost)  
  33  3:21  Probe (Chrono Boost)  
  33  3:24  Probe (Chrono Boost)  
  35  3:29  Blink (Chrono Boost)  
  35  3:31  Probe (Chrono Boost), Gateway  
  35  3:32  Gateway  
  36  3:35  Probe (Chrono Boost)  
  37  3:42  Probe (Chrono Boost)  
  38  3:49  Robotics Facility  
  38  3:52  Probe x2 (Chrono Boost)  
  41  4:03  Probe (Chrono Boost)  
  41  4:05  Probe (Chrono Boost)  
  42  4:13  Probe (Chrono Boost)  
  42  4:14  Probe (Chrono Boost)  
  44  4:22  Gateway  
  44  4:24  Gateway, Probe  
  44  4:27  Pylon  
  44  4:30  Probe  
  45  4:35  Pylon  
  45  4:37  Probe (Chrono Boost), Pylon  
  47  4:39  Assimilator x2  
  47  4:41  Observer  
  48  4:48  Probe (Chrono Boost)  
  48  4:49  Mothership Core (Chrono Boost)  
  52  5:00  Probe (Chrono Boost)  
  52  5:03  Immortal (Chrono Boost)  
  56  5:09  Gateway  
  56  5:11  Gateway x2  
  56  5:15  Gateway, Probe (Chrono Boost)  
  56  5:19  Pylon  
  57  5:30  Probe (Chrono Boost)  
  58  5:39  Stalker x3  
  58  5:40  Pylon  
  58  5:42  Immortal (Chrono Boost)  
  68  5:46  Probe  
  68  5:49  Probe  
  70  5:51  Pylon  
  70  6:15  Pylon, Warp Prism (Chrono Boost)  
  71  6:34  Stalker x2  
  71  6:35  Stalker x3  
  81  6:46  Forge, Pylon  
  81  6:49  Observer  
  82  6:55  Nexus  
  82  6:57  Pylon  
  82  6:59  Stalker  
  82  7:00  Stalker x3  
  90  7:18  Pylon  
  90  7:19  Pylon  
  90  7:29  Stalker x3  
  96  7:37  Zealot x2  
  96  7:39  Stalker  
  96  7:40  Stalker x3  
  108  7:55  Robotics Bay  
  108  7:56  Probe x2  
  108  7:57  Pylon  
  110  8:00  Forge  
  110  8:03  Observer  
  111  8:12  Sentry, Zealot x3  
  115  8:13  Zealot  
  91  8:49  Zealot  
  91  8:50  Zealot x5  
  91  8:51  Zealot  
  89  9:07  Probe  
  89  9:08  Probe x2  
  90  9:13  Pylon  
  90  9:18  Robotics Facility, Assimilator  
  90  9:19  Robotics Facility  
  90  9:23  Assimilator  
Show
View Real Time Build Order
Export as new Build Order

WildCatBrown Protoss 

Build Orders: 1 Gate Expand 

Get SALT Encoding   

  12  0:01  Probe (Chrono Boost)  
  13  0:11  Probe (Chrono Boost)  
  14  0:20  Pylon  
  14  0:22  Probe (Chrono Boost)  
  15  0:38  Probe (Chrono Boost)  
  15  0:41  Gateway  
  16  0:49  Probe (Chrono Boost)  
  17  0:58  Assimilator  
  17  0:59  Probe (Chrono Boost)  
  18  1:10  Probe (Chrono Boost)  
  19  1:22  Nexus  
  19  1:24  Probe (Chrono Boost)  
  20  1:36  Probe (Chrono Boost)  
  20  1:37  Cybernetics Core  
  21  1:48  Probe (Chrono Boost)  
  22  1:58  Pylon  
  22  1:59  Probe (Chrono Boost)  
  23  2:08  Assimilator  
  23  2:17  Probe (Chrono Boost)  
  24  2:27  Probe (Chrono Boost)  
  24  2:28  Adept  
  24  2:29  Warp Gate  
  27  2:46  Probe x2 (Chrono Boost)  
  28  2:57  Mothership Core (Chrono Boost), Probe (Chrono Boost)  
  31  3:03  Adept  
  33  3:07  Probe (Chrono Boost)  
  33  3:10  Gateway  
  34  3:15  Probe (Chrono Boost)  
  34  3:18  Pylon  
  34  3:24  Probe (Chrono Boost)  
  34  3:26  Probe (Chrono Boost)  
  36  3:36  Probe (Chrono Boost)  
  36  3:38  Sentry  
  36  3:40  Pylon  
  39  3:54  Gateway  
  39  3:57  Probe x2 (Chrono Boost)  
  39  4:01  Robotics Facility  
  39  4:02  Adept  
  43  4:05  Adept  
  43  4:07  Probe x2 (Chrono Boost)  
  47  4:16  Forge  
  47  4:24  Probe x2 (Chrono Boost)  
  49  4:31  Stalker  
  49  4:38  Probe x2 (Chrono Boost)  
  53  4:43  Assimilator  
  53  4:47  Assimilator  
  53  4:48  Probe x2 (Chrono Boost)  
  53  4:49  Observer, Pylon  
  56  4:53  Pylon, Protoss Ground Weapons Level 1 (Chrono Boost)  
  56  4:59  Probe x2  
  58  5:03  Stalker  
  62  5:18  Probe x2  
  62  5:21  Stalker  
  66  5:22  Gateway  
  66  5:24  Gateway  
  64  5:30  Probe x2  
  66  5:39  Stalker x2  
  70  5:48  Warp Prism  
  70  5:54  Robotics Bay  
  72  6:09  Twilight Council  
  71  6:13  Photon Cannon  
  71  6:19  Stalker x3  
  77  6:30  Probe, Pylon  
  78  6:33  Pylon  
  78  6:43  Immortal  
  78  6:47  Nexus  
  78  6:48  Probe  
  78  6:50  Pylon  
  78  6:52  Pylon  
  78  6:53  Probe  
  84  6:55  Assimilator  
  84  7:00  Probe  
  84  7:01  Assimilator  
  83  7:17  Disruptor  
  83  7:21  Stalker x2  
  83  7:22  Stalker x3  
  96  7:30  Probe x2  
  98  7:42  Probe x2  
  100  7:54  Disruptor  
  100  8:05  Probe  
  103  8:06  Probe x2  
  103  8:08  Pylon  
  103  8:12  Pylon  
  106  8:18  Probe  
  107  8:25  Disruptor  
  86  8:37  Stalker x4  
  86  8:38  Stalker  
  62  9:02  Stalker x3  
  66  9:03  Stalker  
Tags
 
Composition
Blink Stalkers
League
Bronze
Matchup
PvP
Add a new tag
Caveats
  • Supply blocks, unpowered buildings, or Contaminate may cause inaccurate times.
  • Supply counts are checked every 10 seconds.